 Dungeon Crawl Stone Soup version 0.21.0-3-g78d12a8bdd (webtiles) character file.

15228 Bapho the Carver (level 11, -2/87 HPs)
             Began as a Demonspawn Abyssal Knight on Jan 11, 2018.
             Was an Elder of Lugonu.
             Slain by a six-headed hydra (8 damage)
             ... on level 3 of the Lair of Beasts.
             The game lasted 00:43:18 (19725 turns).

Bapho the Carver (Demonspawn Abyssal Knight)       Turns: 19725, Time: 00:43:21

Health: -2/87      AC: 11    Str: 23    XL:     11   Next: 99%
Magic:  19/19      EV: 11    Int:  9    God:    Lugonu [****..]
Gold:   716        SH: 13    Dex: 14    Spells: 10/10 levels left

rFire    + . .     SeeInvis .   a - +2 falchion (flame)
rCold    + . .     Gourm    .   U - +5 shield "Veloug" {rC+ rN+ Str+8 Int-4}
rNeg     + . .     Faith    .   d - +3 ring mail of Yesterday {rPois rCorr}
rPois    +         Spirit   .   (helmet restricted)
rElec    .         Reflect  .   t - +1 cloak
rCorr    +         Harm     .   (no gloves)
MR       .....                  (no boots)
Stlth    +.........             S - amulet of rage
HPRegen  0.24/turn              n - ring of flight
MPRegen  0.16/turn              k - ring of protection from fire

@: no status effects
A: antennae 2, talons 2, demonic guardian 1, foul stench 1, rot immunity
a: Depart the Abyss, Bend Space, Banish, Corrupt, Renounce Religion, Evoke
Berserk Rage, Evoke Flight


You were on level 3 of the Lair of Beasts.
You worshipped Lugonu.
Lugonu was greatly pleased with you.
You were not hungry.

You visited 3 branches of the dungeon, and saw 16 of its levels.
You visited the Abyss 1 time.

You collected 911 gold pieces.
You spent 195 gold pieces at shops.

Inventory:

Hand Weapons
 a - a +2 falchion of flaming (weapon)
 b - a +0 longbow
 z - the +9 battleaxe "Qilohax" {pain, rPois rF- Str+6 Dex+2}
   (You found it on level 1 of the Lair of Beasts)

   In the hands of one skilled in necromantic magic, it inflicts extra damage on
   living creatures.
   It affects your strength (+6).
   It affects your dexterity (+2).
   It makes you vulnerable to fire.
   It protects you from poison.
 H - a +0 shortbow
 V - a +0 shortbow of flaming
Missiles
 j - 410 stones (quivered)
 E - 167 arrows
Armour
 d - the +3 ring mail of Yesterday (worn) {rPois rCorr}
   (You found it on level 1 of the Lair of Beasts)

   It protects you from poison.
   It protects you from acid and corrosion.
 t - a +1 cloak (worn)
 M - a +0 plate armour of poison resistance
 U - the +5 shield "Veloug" (worn) {rC+ rN+ Str+8 Int-4}
   (You found it on level 1 of the Lair of Beasts)

   It affects your strength (+8).
   It affects your intelligence (-4).
   It protects you from cold.
   It protects you from negative energy.
 W - the +5 scale mail of Intuition {MP+9 Int+3}
   (You found it on level 11 of the Dungeon)

   It affects your intelligence (+3).
   It affects your magic capacity (+9).
Jewellery
 k - a ring of protection from fire (right hand)
 n - a ring of flight (left hand)
 J - an uncursed ring of magical power
 O - an uncursed ring of wizardry
 S - an amulet of rage (around neck)
Wands
 v - a wand of clouds (4)
 B - a wand of flame (20)
 K - a wand of acid (17)
 N - a wand of random effects (30)
 X - a wand of iceblast (7)
Scrolls
 m - 4 scrolls of fear
 o - a scroll of vulnerability {unknown}
 p - 6 scrolls of remove curse
 q - a scroll of blinking
 r - a scroll of fog
 s - a scroll of enchant weapon
 u - 4 scrolls of enchant armour
 y - 2 scrolls of amnesia
 D - 2 scrolls of teleportation
 Y - 3 scrolls of magic mapping
Potions
 e - 9 potions of curing
 f - a potion of resistance
 h - 2 potions of cancellation
 l - a potion of heal wounds
 x - 2 potions of flight
 P - a potion of might
 R - a potion of invisibility
Books
 i - a book of Flames

   Spells                             Type                      Level
   a - Flame Tongue                   Conjuration/Fire             1
   b - Throw Flame                    Conjuration/Fire             2
   c - Conjure Flame                  Conjuration/Fire             3
   d - Inner Flame                    Hexes/Fire                   3
   e - Sticky Flame                   Conjuration/Fire             4
   f - Fireball                       Conjuration/Fire             5
 w - a book of Clouds

   Spells                             Type                      Level
   a - Poisonous Vapours              Poison/Air                   2
   b - Mephitic Cloud                 Conjuration/Poison/Air       3
   c - Conjure Flame                  Conjuration/Fire             3
   d - Freezing Cloud                 Conjuration/Ice/Air          6
   e - Ring of Flames                 Charms/Fire                  7
 I - a book of Misfortune

   Spells                             Type                      Level
   a - Confusing Touch                Hexes                        1
   b - Confuse                        Hexes                        3
   c - Gell's Gravitas                Translocation                3
   d - Petrify                        Transmutation/Earth          4
   e - Metabolic Englaciation         Hexes/Ice                    5
   f - Yara's Violent Unravelling     Hexes/Transmutation          5
 L - a book of Changes

   Spells                             Type                      Level
   a - Beastly Appendage              Transmutation                1
   b - Sticks to Snakes               Transmutation                2
   c - Spider Form                    Transmutation/Poison         3
   d - Ice Form                       Ice/Transmutation            4
   e - Blade Hands                    Transmutation                5
 Z - a book of Callings

   Spells                             Type                      Level
   a - Summon Small Mammal            Summoning                    1
   b - Call Imp                       Summoning                    2
   c - Call Canine Familiar           Summoning                    3
   d - Summon Guardian Golem          Hexes/Summoning              3
   e - Summon Lightning Spire         Summoning/Air                4
   f - Summon Ice Beast               Ice/Summoning                4
Comestibles
 c - 18 rations
 g - a chunk of flesh


   Skills:
 - Level 8.7 Fighting
 * Level 11.9 Long Blades
 - Level 6.1 Armour
 - Level 5.9 Dodging
 - Level 11.0 Invocations


You had 10 spell levels left.
You didn't know any spells.

Dungeon Overview and Level Annotations

Branches:
Dungeon (12/15)            Temple (1/1) D:4            Lair (3/6) D:9
 Shoals (0/4) Lair:2          Orc (0/2) D:9
  Snake: Lair:2-4    Spider: Lair:2-4

Altars:
Ashenzari
Cheibriados
Dithmenos
Elyvilon
Fedhas
Gozag
Hepliaklqana
Kikubaaqudgha
Makhleb
Nemelex Xobeh
Okawaru
Qazlal
Ru
Sif Muna
Trog
Uskayaw
Vehumet
Wu Jian
Xom
Yredelemnul
Zin
The Shining One

Shops:
D:9 !?

Annotations:
D:12 corrupted


Innate Abilities, Weirdness & Mutations

You have a pair of antennae on your head.
You have razor-sharp toenails.
A weak demonic guardian rushes to your aid.
You may emit foul miasma when damaged in melee.
You are immune to rotting.


Message History

The eight-headed hydra misses your quasit.
The eight-headed hydra closely misses your quasit.
The eight-headed hydra bites your quasit.
Your quasit dies!
The eight-headed hydra is engulfed in dark miasma.
The eight-headed hydra is poisoned.
The eight-headed hydra is engulfed in dark miasma.
The eight-headed hydra looks even sicker.
You see here a plate armour.
You hit the six-headed hydra. You burn the six-headed hydra.
You claw the six-headed hydra!
The six-headed hydra is lightly wounded.
The six-headed hydra bites you!
* * * LOW HITPOINT WARNING * * *
You emit a cloud of foul miasma!
You block the six-headed hydra's attack.
The six-headed hydra bites you.
* * * LOW HITPOINT WARNING * * *
The six-headed hydra looks sick.
The six-headed hydra bites you!
You die...

#P'## #.... #.... #######....
####..##.#...? ###P.......'....
. ######......##.##....
....####..#...##.#####......
.().(.(.D.D@.##.## ##.....
....##.###..##### ###.## . ##
#### ### ## .... ..#.#######
.......>.P ###
.........############.#########
....................##..##.##..


You could see an eight-headed hydra and a six-headed hydra.

Vanquished Creatures
  2 hydras
  A centaur warrior (D:10)
  2 two-headed ogres
  An unseen horror (D:11)
  Pikel (D:4)
  3 komodo dragons
  A kobold demonologist (D:11)
  The ghost of zkobry the Cudgeler, an amateur DrWn of Ru (D:4)
  Prince Ribbit (D:5)
  4 hippogriffs
  A snapping turtle (Lair:2)
  A water elemental (D:12)
  A vampire (D:10)
  21 yaks
  2 hungry ghosts
  A steam dragon (D:10)
  A vampire mosquito (D:12)
  A slave (D:4)
  5 orc warriors
  7 porcupines
  A hornet zombie (D:9)
  A sky beast (D:11)
  2 necrophages
  2 phantoms
  An eye of draining (D:9)
  3 wolves (Lair:2)
  3 centaurs
  6 crocodiles
  A big kobold (D:11)
  3 bullfrogs
  A wyvern zombie (D:8)
  2 centaur zombies
  3 jellies
  2 bullfrog zombies
  2 hounds
  7 orc wizards
  Crazy Yiuf (D:4)
  5 orc priests
  2 centaur skeletons
  3 bullfrog skeletons
  Natasha (thrice) (D:2)
  3 iguanas
  5 worker ants
  A hound skeleton (D:6)
  2 worker ant zombies (D:7)
  10 adders
  An adder skeleton (D:7)
  A worm (D:2)
  2 dart slugs
  8 leopard geckos
  20 orcs
  A ball python (D:2)
  12 bats
  3 giant cockroaches
  9 goblins
  7 hobgoblins
  10 jackals
  4 quokkas
  6 frilled lizards
  13 kobolds
  A quokka skeleton (D:3)
  A quokka zombie (D:8)
  8 rats
240 creatures vanquished.

Vanquished Creatures (collateral kills)
  A spiny frog (Lair:2)
  4 yaks
  Edmund (D:5)
  A water moccasin (Lair:1)
  A porcupine (D:9)
  A black bear (D:7)
  A necrophage (D:6)
  2 ogres (D:8)
  2 centaurs
  2 bullfrogs
  A crimson imp (D:7)
  An orc wizard (D:5)
  4 orcs
  2 jackals (D:10)
  2 kobolds (D:11)
26 creatures vanquished.

Vanquished Creatures (others)
  A cyclops (D:12)
  3 vampire mosquitoes (D:12)
  A necrophage (D:12)
  A worker ant (D:12)
  A ball python (D:5)
  A jackal zombie (D:5)
  A fungus (Lair:2)
  2 plants (D:9)
11 creatures vanquished.

Grand Total: 277 creatures vanquished

Notes
Turn   | Place    | Note
-------+----------+-------------------------------------------
     0 | Abyss:1  | Bapho the Demonspawn Abyssal Knight began the quest for the Orb.
     0 | Abyss:1  | Reached XP level 1. HP: 18/18 MP: 2/2
   109 | Abyss:1  | Noticed a quasit
   110 | D:1      | Escaped the Abyss
   438 | D:1      | Reached * piety under Lugonu
   496 | D:1      | Gained mutation: You have sharp toenails. [demonic ancestry]
   496 | D:1      | Reached XP level 2. HP: 24/24 MP: 4/4
   836 | D:2      | Noticed Natasha
   839 | D:2      | Killed Natasha
   839 | D:2      | Gained mutation: You have a pair of small antennae on your head. [demonic ancestry]
   839 | D:2      | Reached XP level 3. HP: 25/29 MP: 5/5
  1081 | D:2      | Noticed Natasha
  1101 | D:2      | Killed Natasha
  1101 | D:2      | Reached XP level 4. HP: 14/35 MP: 6/6
  1281 | D:2      | Noticed Natasha
  1532 | D:2      | Killed Natasha
  1856 | D:2      | Reached ** piety under Lugonu
  1859 | D:2      | Gained mutation: You have razor-sharp toenails. [demonic ancestry]
  1859 | D:2      | Reached XP level 5. HP: 40/41 MP: 8/8
  3131 | D:4      | Noticed zkobry's ghost (amateur DrWn)
  3137 | D:4      | Found a staircase to the Ecumenical Temple.
  3149 | Temple   | Entered the Ecumenical Temple
  3923 | D:4      | Found a runed door.
  4391 | D:4      | Reached skill level 5 in Long Blades
  4415 | D:4      | Reached XP level 6. HP: 40/47 MP: 9/9
  5005 | D:4      | Killed zkobry's ghost
  5116 | D:4      | Noticed an orc warrior
  5138 | D:4      | Killed an orc warrior
  5138 | D:4      | Gained mutation: You are immune to rotting. [demonic ancestry]
  5138 | D:4      | Reached XP level 7. HP: 51/52 MP: 10/10
  5406 | D:4      | Noticed Crazy Yiuf
  5414 | D:4      | Killed Crazy Yiuf
  5780 | D:5      | Entered Level 5 of the Dungeon
  5780 | D:5      | Noticed Pikel
  5942 | D:4      | Killed Pikel
  5942 | D:4      | Gained mutation: A weak demonic guardian rushes to your aid. [demonic ancestry]
  5942 | D:4      | Reached XP level 8. HP: 22/58 MP: 11/11
  6188 | D:5      | Reached skill level 5 in Armour
  6363 | D:5      | Reached skill level 5 in Dodging
  6396 | D:5      | Noticed Prince Ribbit
  6410 | D:5      | Killed Prince Ribbit
  6617 | D:5      | Noticed Edmund
  6633 | D:5      | Killed Edmund
  6912 | D:5      | Found a shimmering altar of Xom.
  7429 | D:6      | Reached *** piety under Lugonu
  7451 | D:6      | Found a faded altar of an unknown god.
  7451 | D:6      | Found a shattered altar of Ashenzari.
  7457 | D:6      | Found a faded altar of an unknown god.
  7459 | D:6      | Found a shadowy altar of Dithmenos.
  7460 | D:6      | Found a glowing silver altar of Zin.
  7743 | D:6      | Found a burning altar of Makhleb.
  8043 | D:7      | Reached XP level 9. HP: 48/65 MP: 12/12
  8796 | D:8      | Found a hide-covered altar of Uskayaw.
  9678 | D:8      | Reached skill level 5 in Fighting
  9820 | D:8      | Noticed a two-headed ogre
  9842 | D:8      | Killed a two-headed ogre
  9849 | D:8      | Reached **** piety under Lugonu
 10213 | D:9      | Reached skill level 5 in Invocations
 10835 | D:9      | Found Jokkup's Magic Scroll Shop.
 10884 | D:9      | Found a staircase to the Orcish Mines.
 11050 | D:9      | Found a snail-covered altar of Cheibriados.
 11076 | D:9      | Found Kiduzin's Armour Shop.
 11241 | D:9      | Found a staircase to the Lair.
 11250 | D:9      | Noticed a komodo dragon
 11330 | D:9      | Found Quashrou's Distillery.
 11333 | D:9      | Bought a potion of heal wounds for 75 gold pieces
 11333 | D:9      | Bought a potion of heal wounds for 75 gold pieces
 11333 | D:9      | Bought a potion of curing for 45 gold pieces
 11425 | D:9      | Killed a komodo dragon
 11425 | D:9      | Gained mutation: You have a pair of antennae on your head. [demonic ancestry]
 11425 | D:9      | Reached XP level 10. HP: 76/76 MP: 14/14
 11443 | D:10     | Entered Level 10 of the Dungeon
 11773 | D:10     | Noticed a centaur warrior
 11801 | D:10     | Killed a centaur warrior
 12321 | D:11     | Killed an unseen horror
 12619 | D:11     | Reached skill level 10 in Invocations
 12900 | D:11     | Got a bloodstained scale mail
 12911 | D:11     | Identified the +5 scale mail of Intuition {MP+9 Int+3} (You found it on level 11 of the Dungeon)
 12928 | D:11     | Noticed a two-headed ogre
 12944 | D:11     | Killed a two-headed ogre
 13969 | D:11     | Gained mutation: You may emit foul miasma when damaged in melee. [demonic ancestry]
 13969 | D:11     | Reached XP level 11. HP: 74/86 MP: 19/19
 14797 | D:12     | Corrupted D:12
 14797 | D:12     | Noticed a glowing orange brain
 14802 | D:12     | Noticed a large abomination
 14809 | D:12     | Noticed a starcursed mass
 15158 | Lair:1   | Entered Level 1 of the Lair of Beasts
 16384 | Lair:1   | Noticed a five-headed hydra
 16391 | Lair:1   | Killed a five-headed hydra
 16391 | Lair:1   | Reached skill level 10 in Long Blades
 16669 | Lair:1   | Got a spiked shield
 16677 | Lair:1   | Identified the +5 shield "Veloug" {rC+ rN+ Str+8 Int-4} (You found it on level 1 of the Lair of Beasts)
 16693 | Lair:1   | Got a faintly glowing ring mail
 16705 | Lair:1   | Identified the +3 ring mail of Yesterday {rPois rCorr} (You found it on level 1 of the Lair of Beasts)
 16841 | Lair:1   | Got an ebony battleaxe
 16850 | Lair:1   | Identified the +9 battleaxe "Qilohax" {pain, rPois rF- Str+6 Dex+2} (You found it on level 1 of the Lair of Beasts)
 17890 | Lair:2   | Noticed a seven-headed hydra
 17901 | Lair:2   | Killed a three-headed hydra
 18467 | Lair:2   | Found a staircase to the Shoals.
 19713 | Lair:3   | Noticed an eight-headed hydra
 19717 | Lair:3   | Noticed a six-headed hydra
 19725 | Lair:3   | Slain by a six-headed hydra

Skill      XL: |  1  2  3  4  5  6  7  8  9 10 11 |
---------------+----------------------------------+-----
Long Blades    | 2 3 4 5 6 8 11 | 11.9
Invocations    | 3 4 6 11 | 11.0
Armour         | 3 4 6 |  6.1
Dodging        | 2 4 5 |  5.9
Fighting       | 6 8 |  8.7

Action                   |  1- 3 |  4- 6 |  7- 9 | 10-12 || total
-------------------------+-------+-------+-------+-------++-------
Melee: Falchion          |    86 |   213 |   376 |   502 ||  1177
       Kick              |    15 |    53 |   143 |   205 ||   416
 Fire: Shortbow          |       |       |   109 |    23 ||   132
       Longbow           |       |       |       |    70 ||    70
Throw: Stone             |    12 |   126 |    68 |    93 ||   299
Invok: Depart the Abyss  |     1 |       |       |       ||     1
       Bend Space        |       |       |     2 |     4 ||     6
       Corrupt           |       |       |       |     1 ||     1
Evoke: Wand              |       |     2 |       |       ||     2
  Use: Scroll            |       |     7 |     4 |    12 ||    23
       Potion            |       |       |     1 |     3 ||     4
 Stab: Distracted        |       |       |     1 |     8 ||     9
  Eat: Chunk             |       |     9 |    21 |    18 ||    48
       Ration            |       |     1 |     1 |     5 ||     7
Armor: Ring mail         |    19 |       |       |    41 ||    60
       Chain mail        |    27 |   115 |   122 |       ||   264
       Plate armour      |       |       |    72 |   136 ||   208
       Scale mail        |       |       |       |    92 ||    92
Dodge: Dodged            |    36 |    54 |   132 |   240 ||   462
Block: Shield            |       |       |       |    71 ||    71
       Rpst.: Falchion   |     9 |    17 |    33 |    52 ||   111
